 Dungeon Crawl Stone Soup version 0.28.0-53-g5a82cb258f (webtiles) character file.

Game seed: 8257350800025479737

111 handumf the Chopper (level 4, -5/58 HPs)
             Began as a Minotaur Berserker on Aug 19, 2022.
             Was a Believer of Trog.
             Slain by a gnoll
             ... wielding a +0 club
              (7 damage)
             ... on level 3 of the Dungeon on Aug 20, 2022.
             The game lasted 00:53:27 (1969 turns).

handumf the Chopper (Minotaur Berserker)            Turns: 1969, Time: 00:53:27

Health: -5/58      AC: 11    Str: 24    XL:     4   Next: 62%
Magic:  3/3        EV:  7    Int:  4    God:    Trog [**....]
Gold:   64         SH:  0    Dex:  9    Spells: 3/3 levels left

rFire   . . .      SeeInvis .   a - +1 hand axe
rCold   . . .      Faith    .   (no shield)
rNeg    . . .      Spirit   .   e - +0 plate armour
rPois   .          Reflect  .   (helmet restricted)
rElec   .          Harm     .   (no cloak)
rCorr   .          Rampage  .   (no gloves)
Will    .....                   (no boots)
Stlth   ..........              (no amulet)
HPRegen 0.19/turn               (no ring)
MPRegen 0.08/turn               (no ring)

@: berserking, very quick
A: horns 2, retaliatory headbutt
a: Renounce Religion, Berserk, Trog's Hand


You were on level 3 of the Dungeon.
You worshipped Trog.
Trog was pleased with you.
You visited 1 branch of the dungeon, and saw 3 of its levels.

You collected 64 gold pieces.

Inventory:

Hand Weapons
 a - a +1 hand axe (weapon)
Missiles
 b - 38 stones (quivered)
 h - 6 boomerangs
Armour
 e - a +0 plate armour (worn)
Potions
 d - a potion of might {unknown}
 i - a potion of curing {unknown}
 j - 2 potions of lignification {unknown}


   Skills:
 - Level 3.6 Fighting
 + Level 6.6 Axes
 - Level 2.4 Armour
 - Level 2.1 Dodging


You had 3 spell levels left.
You didn't know any spells.
Your spell library was empty.

Dungeon Overview and Level Annotations

Branches:
Dungeon (3/15)

Altars:

Shops:
D:1 ?![(

Annotations:
D:3 Sigmund


Innate Abilities, Weirdness & Mutations

You have a pair of horns on your head.
You reflexively headbutt those who attack you in melee.


Message History

The gnoll is lightly wounded.
You barely miss the gnoll.
The gnoll hits you but does no damage. x2
You hit the gnoll.
The gnoll is severely wounded.
You completely miss the gnoll. The gnoll hits you with a +0 spear.
* * * LOW HITPOINT WARNING * * *
The gnoll hits you but does no damage.
You hit the gnoll.
The gnoll is almost dead.
You hit the gnoll. The gnoll barely misses you.
The gnoll hits you with a +0 spear.
* * * LOW HITPOINT WARNING * * *
You hit the gnoll but do no damage. Your headbutt misses the gnoll.
The gnoll is almost dead.
You hit the gnoll but do no damage. The gnoll hits you but does no damage.
The gnoll completely misses you.
You slash the gnoll!
You kill the gnoll!
Trog accepts your kill.
You hit the gnoll. The gnoll misses you.
You closely miss the gnoll.
The gnoll is moderately wounded.
You barely miss the gnoll. The gnoll hits you but does no damage.
The gnoll hits you with a +0 club.
* * * LOW HITPOINT WARNING * * *
You hit the gnoll.
The gnoll is moderately wounded.
You hit the gnoll. The gnoll hits you with a +0 spear.
* * * LOW HITPOINT WARNING * * *
The gnoll hits you with a +0 club.
* * * LOW HITPOINT WARNING * * *
Okay, then.
As you read the scroll of fog, it crumbles to dust.
The scroll dissolves into smoke.
The gnoll hits you but does no damage. x2
A red film seems to cover your vision as you go berserk!
You feel yourself moving faster!
You feel mighty! The gnoll hits you with a +0 spear.
* * * LOW HITPOINT WARNING * * *
The gnoll hits you with a +0 club!
You die...

.. #. #
...###########
.......§g@§§.#
.....#.#g###.#
.......§§..#.#
.......#....<#
.....###.###.#
.... .... ..#
... ###.#####
## #.# #..


You could see 2 gnolls.

Vanquished Creatures
  2 gnolls (D:3)
  2 adders (D:2)
  2 worms (D:2)
  2 dart slugs (D:1)
  An orc (D:3)
  3 ball pythons
  7 bats
  5 endoplasms
  3 giant cockroaches
  7 goblins
  9 hobgoblins
  3 jackals (D:2)
  5 kobolds
  2 frilled lizards (D:2)
  4 rats
57 creatures vanquished.

Notes
Turn   | Place    | Note
-------+----------+-------------------------------------------
     0 | D:1      | handumf the Minotaur Berserker began the quest for the Orb.
     0 | D:1      | Reached XP level 1. HP: 19/19 MP: 0/0
    50 | D:1      | Found Raumatt's Magic Scroll Shoppe.
   170 | D:1      | Reached skill level 4 in Axes
   214 | D:1      | Reached XP level 2. HP: 26/26 MP: 1/1
   289 | D:1      | Found Aphuocok's Distillery.
   312 | D:1      | Found Miulai's Armour Boutique.
   430 | D:1      | Reached skill level 5 in Axes
   470 | D:1      | Reached XP level 3. HP: 31/31 MP: 2/2
   477 | D:1      | Found Iwnuteank's Weapon Emporium.
   609 | D:1      | Reached ** piety under Trog
  1404 | D:2      | Reached skill level 6 in Axes
  1404 | D:2      | Reached XP level 4. HP: 30/39 MP: 3/3
  1905 | D:3      | Noticed Sigmund
  1969 | D:3      | HP: 2/58 [gnoll/+0 spear (2)]
  1969 | D:3      | Slain by a gnoll

Illustrated notes

Levels and vault maps discovered:
D:1:      onia_arrival_pyramid, layout_basic, serial_shops,
          nicolae_shop_advertising_works [nicolae_subvault_shop_adworks],
          nicolae_shop_crystal, nicolae_shop_crystal, nicolae_diamond_shop
D:2:      minmay_inner_zag, layout_rooms, nrook_mini_backslash,
          chequers_decorated_corner
D:3:      layout_basic, uniq_ijyb, uniq_sigmund, uniq_crazy_yiuf_cottage

Skill      XL: |  1  2  3 |
---------------+----------+-----
Axes           | 4 5 6 |  6.6
Fighting       | |  3.6
Armour         | |  2.4
Dodging        | |  2.1

Action                   |  1- 3 |  4- 6 || total
-------------------------+-------+-------++-------
Melee: Hand axe          |    91 |    27 ||   118
       Headbutt          |     8 |     3 ||    11
       Punch             |     1 |       ||     1
Throw: Stone             |    10 |     5 ||    15
Invok: Berserk           |     1 |     1 ||     2
  Use: Scroll            |     2 |     4 ||     6
Armor: Plate armour      |    80 |    23 ||   103
Dodge: Dodged            |    34 |    14 ||    48
